 Dungeon Crawl Stone Soup version 0.29.1-1-gd02db6906a (webtiles) character file.

Game seed: 1177373144534230293

2354 EvilAshe the Carver (level 9, -2/64 HPs)
             Began as a Human Fighter on Oct 2, 2022.
             Was an Initiate of the Shining One.
             Slain by an orc warrior
             ... wielding a +0 war axe
              (14 damage)
             ... in a bailey.
             The game lasted 00:21:02 (9227 turns).

EvilAshe the Carver (Human Fighter)                 Turns: 9227, Time: 00:21:03

Health: -2/64      AC:  9    Str: 19    XL:     9   Next: 71%
Magic:  0/9        EV:  7    Int:  9    God:    the Shining One [......]
Gold:   431        SH:  6    Dex: 14    Spells: 8/8 levels left

rFire   . . .      SeeInvis .   D - +0 scimitar
rCold   . . .      Faith    .   c - +1 buckler
rNeg    . . .      Spirit   +   n - +0 chain mail
rPois   .          Reflect  .   (no helmet)
rElec   .          Harm     .   (no cloak)
rCorr   .          Rampage  .   (no gloves)
Will    .....                   (no boots)
Stlth   ..........              g - amulet of guardian spirit
HPRegen 0.20/turn               (no ring)
MPRegen 0.11/turn               (no ring)

@: mighty, glowing
A: no striking features
a: Renounce Religion


You were in a bailey.
You worshipped the Shining One.
The Shining One was noncommittal.
You visited 2 branches of the dungeon, and saw 9 of its levels.
You also visited: Bailey.

You collected 431 gold pieces.

Inventory:

Hand Weapons
 a - a +1 long sword
 D - a +0 scimitar (weapon)
Missiles
 t - 21 poisoned darts (quivered)
 C - 3 atropa-tipped darts
Armour
 c - a +1 buckler (worn)
 n - a +0 chain mail (worn)
Jewellery
 g - an amulet of guardian spirit (around neck)
 m - a ring of willpower
 y - a ring of poison resistance
Wands
 w - a wand of digging (5)
 z - a wand of quicksilver (12)
Scrolls
 d - a scroll of brand weapon {unknown}
 e - a scroll of silence {unknown}
 f - a scroll of enchant weapon
 h - a scroll of vulnerability {unknown}
 i - a scroll of poison {unknown}
 l - 3 scrolls of enchant armour
 p - a scroll of noise {unknown}
 q - 2 scrolls of teleportation
 s - a scroll of blinking {unknown}
 v - a scroll of amnesia {unknown}
 A - a scroll of summoning {unknown}
Potions
 b - a potion of attraction {unknown}
 j - a potion of mutation
 k - 2 potions of might
 o - 2 potions of heal wounds {unknown}
 r - a potion of ambrosia
 u - a potion of flight
 x - a potion of lignification {unknown}
 B - a potion of resistance {unknown}


   Skills:
 + Level 3.5 Fighting
 * Level 12.1 Long Blades
 + Level 3.5 Armour
 - Level 3.0 Shields


You had 8 spell levels left.
You didn't know any spells.
Your spell library contained the following spells:

 Spells                   Type           Power      Damage    Failure   Level
 Summon Small Mammal      Summ           0%         N/A       99%         1
 Ensorcelled Hibernation  Hex/Ice        0%         N/A       100%        2
 Passwall                 Tmut/Erth      0%         N/A       100%        2
 Call Canine Familiar     Summ           0%         N/A       100%        3
 Summon Guardian Golem    Hex/Summ       0%         N/A       100%        3
 Swiftness                Air            0%         N/A       100%        3


Dungeon Overview and Level Annotations

Branches:
Dungeon (8/15)             Temple (1/1) D:6          Bailey (1/1)
   Lair: D:8-11

Altars:
Ashenzari
Cheibriados
Dithmenos
Elyvilon
Fedhas
Gozag
Hepliaklqana
Kikubaaqudgha
Makhleb
Nemelex Xobeh
Okawaru
Qazlal
Ru
Sif Muna
Uskayaw
Vehumet
Wu Jian
Xom
Yredelemnul
Zin
The Shining One

Shops:
D:1 *   D:4 =

Annotations:
D:4 2HeadOgre
D:6 Incomplete


Message History

You hit the orc warrior.
The orc warrior is lightly wounded.
The orc warrior hits you with a +0 war axe!
The orc warrior hits you with a +0 war axe.
The orc warrior attacks as you move away!
The orc warrior hits you but does no damage.
The orc warrior attacks as you move away!
The orc warrior hits you with a +0 war axe.
The orc warrior attacks as you move away!
You block the orc warrior's attack.
The orc warrior attacks as you move away!
The orc warrior hits you with a +0 war axe!
There is an open door, spattered with blood here.
Items here: ))))) [[[[[ †.
The orc warrior attacks as you move away!
The orc warrior barely misses you.
Things that are here:
a +0 hand axe; a +0 leather armour The orc warrior attacks as you move away!
You block the orc warrior's attack.
The orc warrior attacks as you move away!
The orc warrior closely misses you.
The orc warrior attacks as you move away!
The orc warrior hits you with a +0 war axe!
You feel very mighty all of a sudden.
You slash the orc warrior!
The orc warrior is heavily wounded.
You slash the orc warrior!
You kill the orc warrior!
You hit the orc warrior.
The orc warrior is moderately wounded.
The orc warrior hits you with a +0 war axe!
You barely miss the orc warrior.
The orc warrior is moderately wounded.
The orc warrior hits you with a +0 war axe!
* * * LOW HITPOINT WARNING * * *
You slash the orc warrior!
The orc warrior is severely wounded.
The orc warrior hits you with a +0 war axe!
You die...

#..# #..# #..# ##)#
#.)# #.8# #..# #.8####
#.o@..#######
#.8...#.....#
#...).#.....#
####..#..⌠..#
#..'.....+ #..'.....+
#####))'#####
#.....).....#
######~~~~...~~~~#####


You could see an orc warrior.

Vanquished Creatures
  2 orc warriors (Bailey)
  A water moccasin (D:7)
  An ice beast (D:5)
  A black bear (D:6)
  A centaur (D:6)
  A phantom (D:7)
  A kobold brigand (D:6)
  5 bullfrogs
  3 necrophages
  A gnoll sergeant (D:5)
  3 scorpions
  A wight (D:8)
  6 orc priests
  7 hounds
  2 jellies (D:6)
  6 orc wizards
  10 adders
  5 gnolls (D:5)
  A shadow imp (D:6)
  A white imp (D:6)
  An ufetubus (D:4)
  A worm (D:3)
  A dart slug (D:4)
  33 orcs
  5 endoplasms
  7 goblins
  11 hobgoblins
  8 jackals
  7 kobolds
  2 quokkas
  8 ball pythons
  7 bats
  7 frilled lizards
  4 rats
161 creatures vanquished.

Notes
Turn   | Place    | Note
-------+----------+-------------------------------------------
     0 | D:1      | EvilAshe the Human Fighter began the quest for the Orb.
     0 | D:1      | Reached XP level 1. HP: 18/18 MP: 1/1
   197 | D:1      | Reached XP level 2. HP: 21/24 MP: 2/2
   314 | D:1      | Reached skill level 3 in Long Blades
   499 | D:1      | Reached XP level 3. HP: 29/29 MP: 3/3
   658 | D:1      | Found Lycethru's General Store.
   706 | D:1      | Found a faded altar of an unknown god.
  1415 | D:2      | Found an ornate altar of the Wu Jian Council.
  1466 | D:2      | Identified the +5 dagger of the Wraith {venom, rF+ rC++
                  | rN+}
  1534 | D:2      | Reached skill level 4 in Long Blades
  1534 | D:2      | Reached XP level 4. HP: 35/35 MP: 4/4
  2008 | D:3      | Found a basalt altar of Yredelemnul.
  2009 | D:3      | Found a snail-covered altar of Cheibriados.
  2009 | D:3      | Found a sparkling altar of Nemelex Xobeh.
  2009 | D:3      | Found a glowing silver altar of Zin.
  2321 | D:3      | Noticed a +0 dagger
  2321 | D:3      | Noticed a +0 spear
  2411 | D:3      | Noticed a +0 falchion
  2411 | D:3      | Noticed a +0 spear
  2412 | D:3      | Noticed a +0 short sword
  2412 | D:3      | Noticed a +0 short sword
  2527 | D:3      | Noticed a +0 dagger
  2527 | D:3      | Noticed a +0 falchion
  2633 | D:3      | Found a hide-covered altar of Uskayaw.
  2640 | D:3      | Reached skill level 5 in Long Blades
  2640 | D:3      | Reached XP level 5. HP: 36/41 MP: 5/5
  3437 | D:3      | Reached skill level 6 in Long Blades
  3437 | D:3      | Reached XP level 6. HP: 30/47 MP: 6/6
  3627 | D:4      | Noticed a two-headed ogre
  3835 | D:4      | Found an opulent altar of Gozag.
  3842 | D:4      | Found Xyfing's Jewellery Shop.
  3855 | D:5      | Entered Level 5 of the Dungeon
  4124 | D:5      | Reached skill level 7 in Long Blades
  4124 | D:5      | Reached XP level 7. HP: 36/52 MP: 5/7
  4744 | D:5      | Reached skill level 8 in Long Blades
  5088 | D:5      | Reached XP level 8. HP: 58/58 MP: 8/8
  5280 | D:5      | Reached skill level 9 in Long Blades
  5437 | D:5      | Found a sacrificial altar of Ru.
  5592 | D:6      | Identified the +0 leather armour "Fushriuk" {-Tele rPois
                  | rC- Dex+8}
  5738 | D:6      | Found a hazy altar of Hepliaklqana.
  5967 | D:6      | Reached skill level 10 in Long Blades
  6576 | D:6      | Noticed a boulder beetle
  6618 | D:6      | Found a staircase to the Ecumenical Temple.
  6642 | Temple   | Entered the Ecumenical Temple
  6818 | Temple   | Became a worshipper of the Shining One
  7177 | D:7      | Reached XP level 9. HP: 55/63 MP: 7/9
  7645 | D:6      | Reached skill level 11 in Long Blades
  7928 | D:7      | Identified the +4 broad axe of Hepliaklqana's Delight
                  | {flame, Str+6}
  8115 | D:6      | HP: 3/63 [orc warrior/+0 dire flail (4)]
  8925 | D:8      | Reached skill level 12 in Long Blades
  9090 | D:8      | Found a flagged portal.
  9099 | Bailey   | Entered a bailey
  9227 | Bailey   | Slain by an orc warrior

Illustrated notes

Levels and vault maps discovered:
D:1:      co_arrival_random_square_maze, layout_basic,
          ebering_ecumenical_altar_webs, serial_shops, nicolae_shop_statue_plus,
          nicolae_figureground_sparkle
D:2:      layout_loops_ring, basic_altar, minmay_quadrilaterals
D:3:      layout_loops_ring, nicolae_uskayaw_en_pointe,
          chequers_temple_overflow_statue_of_worship,
          chequers_serial_rivers_micro_e
D:4:      nicolae_BIG_FREAKIN_CUBE, layout_loops_ring,
          mainiacjoe_overflow_cross_hatched, serial_shops, shop_statue, shop,
          shop, kennysheep_generic_room_14
D:5:      layout_basic, lemuel_coloured_pillars_altar
D:6:      layout_loops_ring, mainiacjoe_overflow_six_doors_small,
          minmay_temple_entry_offerings, grunt_decor_arrowhead,
          dk_noncrumbling_3
D:7:      layout_gridville
D:8:      layout_cave_pools, lightli_temple_of_fire, enter_bailey_2,
          nrook_loot_triangle
Temple:   dshaligram_water_room_temple
Bailey:   bailey_axe_of_yendor_kennysheep, bailey

Skill      XL: |  1  2  3  4  5  6  7  8  9 |
---------------+----------------------------+-----
Long Blades    | 3 4 5 6 7 8 10 12 | 12.1
Fighting       | |  3.5
Armour         | |  3.5
Shields        | |  3.0

Action                   |  1- 3 |  4- 6 |  7- 9 || total
-------------------------+-------+-------+-------++-------
Melee: Long sword        |   103 |   190 |   306 ||   599
       Scimitar          |       |       |    42 ||    42
Throw: Dart              |       |     8 |    20 ||    28
Evoke: Wand              |       |       |     1 ||     1
  Use: Scroll            |       |     8 |     4 ||    12
       Potion            |       |       |     5 ||     5
Armor: Scale mail        |    56 |    62 |       ||   118
       Chain mail        |       |     5 |   134 ||   139
Dodge: Dodged            |    49 |    69 |    76 ||   194
Block: Buckler           |    25 |    41 |    84 ||   150
